Unix NetHack Version 5.0.0-0 post-release - last build Jun 10 2026 00:39:30 (3ee93aec679c4c4259841fe613dc97188e26a321,branch:main).

Game began 2026-06-15 08:38:04, ended 2026-06-15 10:01:58.

GdeVolpiano, lawful female human Archeologist

 ----------      -------
 |%%!%%%%%|      |.....|                                         -----------
 |(%%!%%%%       |.....-#                                       #-.........|
   .....         |.....|#                                       #|.........|
    -|-         #......|#         ---------------               #|.........|
     ###        #-------#         |..............               #|.........|
       #        #       #         |.............|               #------.----
       ###      #       #      ###.............{|               #      #
         ###    #       #      #  |.............|               ##     ###
           #    #       #      #  -.-------------#               #       #
           #    #      ##      #   ####################0        ###      ##
           #    #     ##       #                  ###------------#        .
           #    #     #------- #                    #|..........+#        .
    -------.----#     #|.....| #                    #|..*.......|##       .
    |..........|#     #......-##                    #|..........-#        .
    |...>......|#      |...<.|                      #...........|         .@
    |..........-#      |(....|                       |..........|         -
    |..........|       |.....|                       ------------
    ------------       -------

GdeVolpiano the Field Worker  St:11 Dx:13 Co:14 In:15 Wi:12 Ch:11  Lawful
Dlvl:3  $:2623 HP:0(24) Pw:9(9) AC:9  Xp:3 T:2197  Blind

Latest messages:
 You hear someone cursing shoplifters.
 You find a hidden door.
 The door opens.
 With great effort you move the boulder.
 That door is closed.
 This door is locked.
 This door is locked.
 This door is locked.
 This door is locked.
 This door is locked.
 What do you want to use or apply? [ae-iors or ?*]
 In what direction do you want to dig? [hyulnjb>]
 You start chopping at the door.
 You hit the door with all your might.
 You break through the door with your pick-axe.
 $ - 3 gold pieces (2610 in total).
 You see here 9 rocks.
 v - a black potion.
 You see here a cram ration.
 w - a cram ration.
 That door is closed.
 The door resists!
 The door opens.
 x - a velvet spellbook.
 $ - 7 gold pieces (2617 in total).
 What do you want to read? [pqx or ?*]
 A cloud of darkness falls upon you.
 You can move again.
 It bites!
 You kill it!
 $ - 6 gold pieces (2623 in total).
 It bites!
 You miss it.
 It bites!
 You are put to sleep!
 It bites!
 It bites!
 It bites!
 It bites!
 It bites!
 It bites!
 It bites!
 It bites!
 It bites!
 You die...
 Do you want your possessions identified? [ynq] (y)
 Do you want to see your attributes? [ynq] (y)
 Do you want an account of creatures vanquished? [ynaq] (y)
 Do you want to see your conduct and achievements? [ynq] (y)
 Do you want to see the dungeon overview? [ynq] (y)

Inventory:
 Coins    ('$')
  $ - 2623 gold pieces
 Weapons  (')')
  a - a +2 bullwhip (alternate weapon; not wielded)
 Armor    ('[')
  c - an uncursed +0 fedora (being worn)
  b - an uncursed +0 leather jacket (being worn)
 Comestibles  ('%')
  w - an uncursed cram ration
  d - 2 uncursed food rations
  j - an uncursed lichen corpse
 Scrolls  ('?')
  p - an uncursed scroll of enchant weapon
  q - a blessed scroll of fire
 Spellbooks  ('+')
  x - an uncursed spellbook of sleep
 Potions  ('!')
  m - an uncursed potion of healing
  n - a cursed potion of healing
  v - an uncursed potion of sleeping
  t - an uncursed potion of water
 Wands    ('/')
  s - a wand of digging (0:6)
  o - a wand of digging (0:3)
  r - a cursed wand of light (0:12)
 Tools    ('(')
  h - an empty uncursed sack
  i - an uncursed oil lamp
  e - a +0 pick-axe (weapon in right hand)
  f - a tinning kit (0:88)
 Gems/Stones  ('*')
  k - an uncursed worthless piece of blue glass
  g - an uncursed touchstone

GdeVolpiano the Archeologist's attributes:

Background:
 You were a Field Worker, a level 3 female human Archeologist.
 You were lawful, nominally on a mission for Quetzalcoatl
 who was opposed by Camaxtli (neutral) and Huhetotl (chaotic).
 You were right-handed.
 You were in the Dungeons of Doom, on level 3.
 You entered the dungeon 2197 turns ago.
 There was a new moon in effect when your adventure ended.
 You had 48 experience points, 32 more were needed to attain level 4.

Basics:
 You had 0 out of 24 hit points.
 You had all 9 energy points (spell power).
 Your armor class was 9.
 Your wallet contained 2623 zorkmids.
 Autopickup was on for '$?!/="+' plus thrown, with exceptions.

Final Characteristics:
 Your strength was 11 (limit:18/100).
 Your dexterity was 13 (limit:18).
 Your constitution was 14 (limit:18).
 Your intelligence was 15 (limit:18).
 Your wisdom was 12 (limit:18).
 Your charisma was 11 (limit:18).

Final Status:
 You were temporarily blind.
 You weren't hungry.
 You were unencumbered.
 You were wielding a pick-axe.
 You had basic skill with pick-axe.

Final Attributes:
 You were piously aligned.
 You had automatic searching.
 You were lucky.
 You are dead.

Miscellaneous:
 You didn't encounter any bones levels.
 Total elapsed playing time was 49 minutes and 30 seconds.

Major events:
 Turn
    1: GdeVolpiano the lawful female human Archeologist entered the dungeon
 1773: attained the rank of Field Worker (level 3)
 2197: killed by a homunculus, while sleeping

You didn't know any spells.

Skills:
 Fighting Skills
   bare handed combat [Unskilled]
   two weapon combat  [Unskilled]
   riding             [Unskilled]
 Weapon Skills
   dagger             [Unskilled]
   knife              [Unskilled]
   pick-axe           [Basic]
   short sword        [Unskilled]
   saber              [Unskilled]
   club               [Unskilled]
   quarterstaff       [Unskilled]
   sling              [Unskilled]
   dart               [Unskilled]
   boomerang          [Unskilled]
   whip               [Basic]
   unicorn horn       [Unskilled]
 Spellcasting Skills
   attack spells      [Unskilled]
   healing spells     [Unskilled]
   divination spells  [Unskilled]
   matter spells      [Unskilled]

Voluntary challenges:
 Character rerolling was not enabled.
 You were an atheist.
 You never genocided any monsters.
 You never polymorphed an object.
 You never changed form.
 You used no wishes.
Achievements:
 You attained the rank of Field Worker.
 You entered a shop.

 The Dungeons of Doom: levels 1 to 4
    Level 1:
       A fountain.
    Level 2:
    Level 3: <- You were here.
       A food shop, a fountain.
       Final resting place for
          you, killed by a homunculus, while sleeping.
    Level 4:


Vanquished creatures:
 an orc zombie
  a red mold
  2 geckos
  3 jackals
  2 foxes
  2 kobolds
  2 goblins
  5 grid bugs
  4 lichens
  a kobold zombie
  3 newts
26 creatures vanquished.

No species were genocided or became extinct.

Game over:
                       ----------
                      /          \
                     /    REST    \
                    /      IN      \
                   /     PEACE      \
                  /                  \
                  |   GdeVolpiano    |
                  |     2623 Au      |
                  |   killed by a    |
                  |    homunculus    |
                  |                  |
                  |                  |
                  |       2026       |
                 *|     *  *  *      | *
        _________)/\\_//(\/(/\)/\//\/|_)_______

Goodbye GdeVolpiano the Archeologist...

You died in The Dungeons of Doom on dungeon level 3 with 2723 points,
and 2623 pieces of gold, after 2197 moves.
You were level 3 with a maximum of 24 hit points when you died.

